 Dungeon Crawl Stone Soup version 0.20-a0-256-gabb291d (webtiles) character file.

3936 KristoblXynda the Carver (level 10, 0/72 HPs)
             Began as a Red Draconian Berserker on Dec 1, 2016.
             Was an Elder of Trog.
             Slain by a troll (15 damage)
             ... on level 9 of the Dungeon.
             The game lasted 00:16:01 (6340 turns).

KristoblXynda the Carver (Red Draconian Berserker)  Turns: 6340, Time: 00:16:02

Health: 0/72       AC: 11    Str: 20    XL:     10   Next: 1%
Magic:  14/14      EV: 16    Int: 11    God:    Trog [****..]
Gold:   472        SH:  0    Dex: 11    Spells: 9/9 levels left

rFire  + . .     SeeInvis +     r - +3 long sword
rCold  . . .     Gourm    .     (armour unavailable)
rNeg   . . .     Faith    .     (no shield)
rPois  .         Spirit   .     (helmet restricted)
rElec  .         Reflect  .     p - +0 cloak
rCorr  .         Harm     .     i - +1 pair of gloves
MR     .....                    g - +0 pair of boots
Stlth  ++........               (no amulet)
                                A - ring of see invisible
                                e - +3 ring of dexterity

@: no status effects
A: breathe fire, unfitting armour, clumsy 1, fire resistance 1, frail 1,
screaming 1, cold-blooded, AC +7
a: Breathe Fire, Berserk, Trog's Hand, Brothers in Arms, Burn Spellbooks,
Renounce Religion


You were on level 9 of the Dungeon.
You worshipped Trog.
Trog was greatly pleased with you.
You were not hungry.

You visited 1 branch of the dungeon, and saw 9 of its levels.

You collected 472 gold pieces.

Inventory:

Hand Weapons
 r - a +3 long sword (weapon)
 t - the cursed +3 eveningstar of Terror {vamp, rPois Dex+4}
   (You found it on level 9 of the Dungeon)

   It inflicts no extra harm, but heals its wielder when it wounds a living foe.
   It affects your dexterity (+4).
   It protects you from poison.
   It has a curse placed upon it.
Missiles
 u - 2 poisoned javelins (quivered)
 E - 9 javelins
Armour
 g - a +0 pair of boots (worn)
 i - a +1 pair of gloves (worn)
 p - a +0 cloak (worn)
Jewellery
 a - an uncursed ring of poison resistance
 e - a +3 ring of dexterity (left hand)
 x - an uncursed ring of magical power
 y - an uncursed ring of protection from fire
 z - a +1 ring of protection
 A - a ring of see invisible (right hand)
Wands
 j - a wand of lightning (5/15)
 w - a wand of iceblast (9/15)
 C - a wand of paralysis (8/24)
 D - a wand of disintegration (13/24)
Scrolls
 c - 2 scrolls of teleportation
 d - 3 scrolls of fear
 k - a scroll of enchant armour
 m - a scroll of fog
 q - a scroll of enchant weapon
 B - 7 scrolls of remove curse
Potions
 h - 2 potions of ambrosia
 l - 3 potions of magic
 o - a potion of curing
 s - a potion of might
 v - 2 potions of heal wounds
Books
 n - a book of Minor Magic

   Spells                             Type                      Level
   a - Magic Dart                     Conjuration                  1
   b - Blink                          Translocation                2
   c - Call Imp                       Summoning                    2
   d - Repel Missiles                 Charms/Air                   2
   e - Slow                           Hexes                        2
   f - Conjure Flame                  Conjuration/Fire             3
   g - Mephitic Cloud                 Conjuration/Poison/Air       3
   Trog disapproves of the use of such an item.
 G - a book of Misfortune

   Spells                             Type                      Level
   a - Confusing Touch                Hexes                        1
   b - Confuse                        Hexes                        3
   c - Gell's Gravitas                Hexes/Translocation          3
   d - Petrify                        Transmutation/Earth          4
   e - Metabolic Englaciation         Hexes/Ice                    5
   f - Yara's Violent Unravelling     Hexes/Transmutation          5
   Trog disapproves of the use of such an item.
Comestibles
 b - 10 bread rations
 f - 3 meat rations
 F - 3 fruits


   Skills:
 - Level 5.1 Fighting
 + Level 8.9 Long Blades
 - Level 3.0 Throwing
 + Level 8.2 Dodging
 + Level 1.5 Stealth
 - Level 6.1 Evocations


You had 9 spell levels left.
You didn't know any spells.

Dungeon Overview and Level Annotations

Branches:
Dungeon (9/15)
 Temple: D:4-7         Lair: D:8-11         Orc: D:9-12

Altars:
Ashenzari
Dithmenos
Gozag
Kikubaaqudgha
Uskayaw
Yredelemnul
Zin

Shops:
D:4 [   D:6 *


Innate Abilities, Weirdness & Mutations

You can breathe blasts of fire.
Your fiery red scales are hard. (AC +7)
You cannot fit into any form of body armour.
Your flesh is heat resistant. (rF+)
You are cold-blooded and may be slowed by cold attacks.
You are clumsy. (Dex -2)
You are frail. (-10% HP)
You occasionally shout uncontrollably at your foes.


Message History

The troll bites you! The troll claws you. The troll misses you.
You hit the troll.
The troll is heavily wounded.
The troll bites you but does no damage. The troll misses you.
The troll barely misses you.
You hit the troll.
The troll is heavily wounded.
The troll bites you! The troll claws you! The troll misses you.
You hit the troll.
The troll is heavily wounded.
The troll bites you! The troll completely misses you. The troll misses you.
You slash the troll!
The troll is severely wounded.
The troll bites you!
* * * LOW HITPOINT WARNING * * *
The troll closely misses you. The troll claws you but does no damage.
You hit the troll but do no damage.
The troll is severely wounded.
The troll bites you!
You die...

###### #....# . #....#
... ####....# ###
.....####..'....# ###
...
......T@..##....######..
.#
..$..#######....'......#
## ### #....########
###'## #..### ##+#
##...# ### #### #..#
###.# #.. ...###..#
######'## #.. ##...'..#
#.......# #.?


You could see a troll.

Vanquished Creatures
  A hippogriff (D:8)
  A spriggan (D:7)
  Sigmund (D:6)
  2 hungry ghosts
  Edmund (D:6)
  2 sky beasts
  An orc warrior (D:8)
  5 ogres
  A necrophage (D:6)
  The ghost of KristoblXynda the Chopper, an amateur DrMo of Okawaru (D:3)
  4 centaurs
  Blork the orc (D:5)
  A big kobold (D:9)
  A bullfrog (D:9)
  A wyvern skeleton (D:7)
  4 scorpions
  4 wights (D:8)
  2 howler monkeys
  3 crimson imps
  2 orc priests
  A quasit (D:8)
  A centaur zombie (D:8)
  A jelly (D:5)
  A hound (D:9)
  9 orc wizards
  Crazy Yiuf (D:7)
  4 bullfrog skeletons
  A centaur skeleton (D:4)
  Natasha (D:2)
  An iguana (D:5)
  3 worker ants
  A worker ant zombie (D:5)
  3 gnolls (D:3)
  9 adders
  A shadow imp (D:7)
  2 oozes
  An adder zombie (D:5)
  An adder skeleton (D:4)
  2 worms (D:2)
  5 leopard geckos
  25 orcs
  6 giant cockroaches
  3 goblins
  10 hobgoblins
  13 jackals
  6 quokkas
  5 bats
  6 frilled lizards
  A jackal skeleton (D:4)
  11 kobolds
  A rat (D:1)
175 creatures vanquished.

Vanquished Creatures (collateral kills)
  An orc warrior (D:9)
  An orc (D:9)
2 creatures vanquished.

Grand Total: 177 creatures vanquished

Notes
Turn   | Place    | Note
-------+----------+-------------------------------------------
     0 | D:1      | KristoblXynda the Draconian Berserker began the quest for the Orb.
     0 | D:1      | Reached XP level 1. HP: 19/19 MP: 1/1
   167 | D:1      | Reached XP level 2. HP: 22/26 MP: 2/2
   602 | D:2      | Reached XP level 3. HP: 13/33 MP: 3/3
   945 | D:2      | Reached ** piety under Trog
  1187 | D:2      | Noticed Natasha
  1194 | D:2      | Killed Natasha
  1194 | D:2      | Reached XP level 4. HP: 28/40 MP: 4/4
  1734 | D:3      | Noticed KristoblXynda's ghost (amateur DrMo)
  1753 | D:3      | Killed KristoblXynda's ghost
  1753 | D:3      | Reached XP level 5. HP: 47/47 MP: 5/5
  2097 | D:3      | Found an opulent altar of Gozag.
  2297 | D:4      | Reached skill level 5 in Fighting
  2297 | D:4      | Reached XP level 6. HP: 55/56 MP: 6/6
  2358 | D:4      | Reached *** piety under Trog
  2631 | D:4      | Found Ytul's Armour Boutique.
  2714 | D:5      | Entered Level 5 of the Dungeon
  2714 | D:5      | Noticed Blork the orc
  2731 | D:5      | Gained mutation: You occasionally shout uncontrollably at your foes. [potion of mutation]
  2731 | D:5      | Gained mutation: You are frail. (-10% HP) [potion of mutation]
  2731 | D:5      | Gained mutation: You are clumsy. (Dex -2) [potion of mutation]
  2760 | D:5      | Killed Blork the orc
  2760 | D:5      | Reached skill level 5 in Long Blades
  2760 | D:5      | Reached skill level 1 in Evocations
  2813 | D:5      | Noticed a sky beast
  2825 | D:5      | Killed a sky beast
  2825 | D:5      | Your scales start taking on a fiery red colour.
  2825 | D:5      | Reached XP level 7. HP: 41/54 MP: 8/8
  2825 | D:5      | Gained mutation: Your flesh is heat resistant. (rF+) [Red Draconian growth]
  2883 | D:5      | Reached skill level 5 in Dodging
  3052 | D:5      | Found a hide-covered altar of Uskayaw.
  3326 | D:5      | Reached XP level 8. HP: 43/61 MP: 10/10
  3435 | D:6      | Reached **** piety under Trog
  3444 | D:6      | Noticed Sigmund
  3459 | D:6      | Killed Sigmund
  3494 | D:6      | Found an ancient bone altar of Kikubaaqudgha.
  3538 | D:6      | Noticed Edmund
  3555 | D:6      | Killed Edmund
  3605 | D:6      | Found Poajamolaf's Assorted Antiques.
  3620 | D:6      | Received a gift from Trog
  3682 | D:6      | Found a glowing silver altar of Zin.
  3743 | D:6      | Reached skill level 5 in Evocations
  3926 | D:6      | Found a shattered altar of Ashenzari.
  4217 | D:7      | Found a runed door.
  4221 | D:7      | Noticed Crazy Yiuf
  4226 | D:7      | Killed Crazy Yiuf
  4260 | D:7      | Reached XP level 9. HP: 66/66 MP: 13/13
  4279 | D:7      | Found a basalt altar of Yredelemnul.
  4813 | D:8      | Reached skill level 1 in Throwing
  6075 | D:9      | Found a shadowy altar of Dithmenos.
  6104 | D:9      | Reached skill level 1 in Stealth
  6241 | D:9      | Reached XP level 10. HP: 72/72 MP: 14/14
  6282 | D:9      | Got a dazzling eveningstar
  6283 | D:9      | Identified the cursed +3 eveningstar of Terror {vamp, rPois Dex+4} (You found it on level 9 of the Dungeon)
  6340 | D:9      | Slain by a troll

Vault maps used:
D:1:      mushboom_english_gardens
D:2:      nrook_uturn, minmay_heptomino_l4, uniq_natasha
D:3:      grunt_gozag_statues
D:4:      wad_lake_hut, fedhas_altar_2, tgw_sif, serial_shops, shop
D:5:      overflow_temple_1_default, first_bread, kennysheep_decorative_pillar,
          hangedman_decor_clover_reticule, uniq_blork_the_orc
D:6:      nicolae_overflow_hidden_temple, old_standard_altar,
          kennysheep_little_box, serial_shops, shop, uniq_sigmund, uniq_edmund
D:7:      overflow_temple_1_default, the_bakery, hangedman_decor_riveting,
          uniq_crazy_yiuf_cottage
D:9:      lemuel_doored_altar, tso_altar

Skill      XL: |  1  2  3  4  5  6  7  8  9 |
---------------+----------------------------+-----
Dodging        | 3 4 5 6 8 |  8.2
Fighting       | 4 5 |  5.1
Long Blades    | 4 5 6 7 8 |  8.9
Evocations     | 2 3 5 6 |  6.1
Throwing       | 3 |  3.0
Stealth        | 1 |  1.5

Action                   |  1- 3 |  4- 6 |  7- 9 | 10-12 || total
-------------------------+-------+-------+-------+-------++-------
Melee: Falchion          |    97 |   189 |   302 |       ||   588
       Tailslap          |    12 |    36 |    79 |       ||   127
       Unarmed           |       |       |     1 |       ||     1
       Long sword        |       |       |    78 |    14 ||    92
Invok: Berserk           |       |     2 |     7 |       ||     9
       Trog's Hand       |       |     1 |       |       ||     1
 Abil: Breathe Fire      |       |       |     4 |       ||     4
  Use: Potion            |       |     5 |       |       ||     5
       Scroll            |       |    10 |    15 |     2 ||    27
 Stab: Invisible         |       |     3 |       |       ||     3
       Sleeping          |       |       |     1 |       ||     1
  Eat: Chunk             |     1 |     7 |    14 |       ||    22
       Fruit             |       |     1 |     2 |       ||     3
       Beef jerky        |       |       |     1 |       ||     1
       Meat ration       |       |       |     1 |       ||     1
Armor: Skin              |    42 |    62 |   106 |     5 ||   215
Dodge: Dodged            |    81 |   138 |   288 |    14 ||   521
       Rpst.: Falchion   |    31 |    46 |    67 |       ||   144
       Long sword        |       |       |    21 |     1 ||    22
